AoeStats
← Tunga

Arabia

505855306Analyzed
1v1 RM · 21d ago on Sep 11, 2026· 47m 29s· 2 players
Game mode
Random Map
Map size
Tiny (2 player)
Population
200
Speed
Normal
Resources
Standard
Victory
Conquest
Starting age
Dark Age
Ending age
Imperial Age
RankedLock teamsTeams togetherTeam positionsShared explorationLock speedFull tech treeHidden civsTurbo modeCheats
Victory
Defeat
🇹🇼 Goths · Taiwan
802
+15
🇹🇷 Bengalis · Türkiye
776
-15
Tunga
11:01 Feudal Age
9:16 Loom
17:11 Horse Collar
17:54 Scale Barding Armor
20:35 Double-Bit Axe
22:15 Wheelbarrow
25:39 Castle Age
25:12 Forging
28:15 Hand Cart
36:20 Gold Mining
47:42 Imperial Age
BigTouRain
3:52 Loom
11:03 Feudal Age
12:29 Double-Bit Axe
18:41 Castle Age
16:55 Horse Collar
18:35 Man-at-Arms
20:41 Long Swordsman
21:33 Scale Mail Armor
25:05 Bow Saw
26:07 Heavy Plow
27:19 Wheelbarrow
28:38 Anarchy
31:08 Squires
33:12 Gold Mining
34:04 Forging
34:11 Chain Mail Armor
35:38 Hand Cart
43:12 Imperial Age
41:43 Iron Casting
43:26 Ballistics
44:01 Perfusion
43:26 Capped Ram
45:29 Chemistry
45:44 Blast Furnace
45:45 Crop Rotation
Connection lost

Rejoining the realm…

Still unreachable

The connection could not be restored.

Session expired

The server has moved on; the page needs a fresh start.